 Dungeon Crawl Stone Soup version 0.21-a0-404-g291f19a (webtiles) character file.

113 Mamutox the Cudgeler (level 4, -6/40 HPs)
             Began as a Minotaur Monk on Oct 31, 2017.
             Splashed by an oklob plant's acid (8 damage)
             ... on level 2 of the Dungeon.
             The game lasted 00:07:14 (1641 turns).

Mamutox the Cudgeler (Minotaur Monk)                Turns: 1641, Time: 00:07:15

Health: -6/40      AC:  3    Str: 15    XL:     4   Next: 65%
Magic:  3/3        EV: 11    Int:  7    God:
Gold:   81         SH:  0    Dex: 14    Spells: 3/3 levels left

rFire    . . .     SeeInvis .   a - +0 mace
rCold    . . .     Gourm    .   (no shield)
rNeg     . . .     Faith    .   f - +1 scale mail
rPois    .         Spirit   .   (helmet restricted)
rElec    .         Reflect  .   (no cloak)
rCorr    .         Harm     .   (no gloves)
MR       .....                  (no boots)
Stlth    +.........             (no amulet)
HPRegen  0.13/turn              (no ring)
MPRegen  0.08/turn              (no ring)

@: corroded
A: retaliatory headbutt, horns 2
a: no special abilities


You were on level 2 of the Dungeon.
You were not hungry.

You visited 1 branch of the dungeon, and saw 2 of its levels.

You collected 81 gold pieces.

Inventory:

Hand Weapons
 a - a +0 mace (weapon)
 q - a +0 hunting sling
Missiles
 j - 76 stones (quivered)
 r - 23 sling bullets
Armour
 b - a +0 robe
 e - a +0 leather armour
 f - a +1 scale mail (worn)
Scrolls
 m - a scroll of remove curse {unknown}
 p - a scroll of fear {unknown}
Potions
 d - a potion of haste
 g - a potion of degeneration {unknown}
 i - a potion of heal wounds {unknown}
 l - a potion of curing
 n - a potion of ambrosia {unknown}
Comestibles
 c - a bread ration
 h - 2 chunks of flesh
 k - 2 royal jellies
 o - a meat ration
 s - 9 fruits


   Skills:
 + Level 4.3 Fighting
 + Level 5.0 Maces & Flails
 + Level 1.9 Armour
 + Level 4.0 Dodging
 + Level 1.7 Stealth


You had 3 spell levels left.
You didn't know any spells.

Dungeon Overview and Level Annotations

Branches:
Dungeon (2/15)

Altars:
Dithmenos
Fedhas

Annotations:
D:2 exclusion: oklob plant


Innate Abilities, Weirdness & Mutations

You reflexively headbutt those who attack you in melee.
You have a pair of horns on your head.


Message History

You see here 2 fruits.
s - 2 fruits You see here a fruit.
s - 3 fruits (gained 1)
The oklob plant spits acid at you. The splash of acid hits you!
The acid corrodes you!
You are splashed with acid!
The acid burns!
You see here 3 fruits.
s - 6 fruits (gained 3)
The oklob plant spits acid at you. The splash of acid hits you!
You are splashed with acid!
The acid burns!
* * * LOW HITPOINT WARNING * * *
Unknown command.
You see here 3 fruits.
s - 9 fruits (gained 3)
The oklob plant spits acid at you. The splash of acid hits you!
* * * LOW HITPOINT WARNING * * *
You are splashed with acid!
The acid burns!
You die...

############.##P.P.≈≈≈≈≈≈≈≈≈≈≈.♣
.....<....##.#.#P..≈≈≈≈...≈≈≈≈.##
#########.##.#PP♣P......_.≈≈≈≈...
#.##.#♣P##.≈≈≈≈...≈≈≈≈.## ###
#.##.#PP♣♣.≈≈≈≈≈≈≈≈≈≈≈.PP ..##
#....#PPP...≈≈≈≈≈≈≈≈≈..P♣
.§§#########.#♣P.P#..≈≈≈≈≈≈≈..♣PP
.§§......)...##♣.PP♣..≈≈≈≈≈..PPPP
.§.###########P.@PPP#.........#.P
#### #P..PPPPP#P♣♣P.###PP


#PP..PPPPP#PP ##PP.PPPP♣#PP #PPP#♣P..PPP ##### ###### You could see an oklob
plant.

Vanquished Creatures
  3 adders (D:2)
  2 worms (D:2)
  2 dart slugs
  2 leopard geckos (D:2)
  3 giant cockroaches
  12 goblins
  11 hobgoblins
  10 jackals
  A ball python (D:2)
  7 bats
  3 frilled lizards
  7 kobolds
  A rat (D:1)
  A plant (D:2)
65 creatures vanquished.

Notes
Turn   | Place    | Note
-------+----------+-------------------------------------------
     0 | D:1      | Mamutox the Minotaur Monk began the quest for the Orb.
     0 | D:1      | Reached XP level 1. HP: 19/19 MP: 0/0
   100 | D:1      | Reached XP level 2. HP: 21/27 MP: 1/1
   432 | D:1      | Reached skill level 4 in Maces & Flails
   445 | D:1      | Reached XP level 3. HP: 31/33 MP: 2/2
  1059 | D:2      | Reached skill level 1 in Armour
  1094 | D:2      | Reached XP level 4. HP: 40/40 MP: 3/3
  1413 | D:2      | Found a shadowy altar of Dithmenos.
  1420 | D:2      | Reached skill level 5 in Maces & Flails
  1573 | D:2      | Found a blossoming altar of Fedhas.
  1605 | D:2      | Noticed an oklob plant
  1641 | D:2      | HP: 2/40 [oklob plant/splash of acid (9)]
  1641 | D:2      | Splashed by an oklob plant's acid

Vault maps used:
D:1:      dpeg_arrival_court
D:2:      tgw_fedhas, grunt_dithmenos_smoke

Skill      XL: |  1  2  3  4 |
---------------+-------------+-----
Fighting       | 4 |  4.3
Maces & Flails | 4 5 |  5.0
Armour         | 1 |  1.9
Dodging        | 4 |  4.0
Stealth        | |  1.7

Action                   |  1- 3 |  4- 6 || total
-------------------------+-------+-------++-------
Melee: Mace              |    83 |    61 ||   144
       Headbutt          |    10 |    15 ||    25
  Use: Potion            |     2 |       ||     2
       Scroll            |     1 |       ||     1
 Stab: Sleeping          |     2 |       ||     2
  Eat: Chunk             |       |     2 ||     2
Armor: Robe              |     5 |       ||     5
       Scale mail        |    45 |    16 ||    61
Dodge: Dodged            |    62 |    28 ||    90

Table legend:
 A = Spawn XP
 B = Non-spawn XP
 C = Spawn XP percentage of total XP
 D = Spawn monster count
 E = Non-spawn monster count
 F = Spawn count percentage of total count
 G = Total turns spent on level
                    A         B        C        D         E        F      G
               +---------+---------+-------+---------+---------+-------+---------
         Total |       0 |     162 |   0.0 |       0 |      64 |   0.0 |  1641
               +---------+---------+-------+---------+---------+-------+---------
           D:1 |       0 |      60 |   0.0 |       0 |      33 |   0.0 |   942
           D:2 |       0 |     102 |   0.0 |       0 |      31 |   0.0 |   699
               +---------+---------+-------+---------+---------+-------+---------
